 Dungeon Crawl Stone Soup version 5.7-8-g3a8b389 (webtiles) character file.

30918 plsesad the Charmwright (level 15, -4/118 HPs)
             Began as a Gnoll Skald on Oct 28, 2018.
             Was the Champion of Okawaru.
             Slain by a shock serpent (14 damage)
             ... on level 1 of the Snake Pit.
             The game lasted 00:43:14 (15178 turns).

plsesad the Charmwright (Gnoll Skald)              Turns: 15178, Time: 00:43:15

Health: -4/118     AC: 24 (19%)Str: 23    XL:     15   Next: 87%
Magic:  9/10       EV: 18    Int: 17 (18) God:    Okawaru [6*[199]]
Gold:   754        SH: 13    Dex: 13      Spells: 11/26 levels left

rFire    . . .     SeeInvis .   w - +1 trident (devast)
rCold    . . .     Faith    .   j - +0 shield
rNeg     . . .     Spirit   .   W - +0 troll leather armour
rPois    +         Reflect  .   (helmet restricted)
rElec    .                      n - +0 cloak
rCorr    .                      k - +2 pair of gloves
MR       +....                  p - +1 pair of boots {Fly}
Stlth    ++++......             V - amulet of regeneration
Regen    1.7/turn               c - +5 ring of intelligence
MPRegen  0.4/turn               X - +3 ring of protection

@: lethally poisoned (-4 -> -4), flying, regenerating, constricted, spectral
weapon, icy armour
A: horns 1, poison resistance, screaming 1, strong
a: End Regeneration, End Ozocubu's Armour, Stop Singing, End Infusion, End
Spectral Weapon, Finesse, Renounce Religion, Stop Flying


You were on level 1 of the Snake Pit.
You worshipped Okawaru.
Okawaru was exalted by your worship.
You were not hungry.

You visited 4 branches of the dungeon, and saw 19 of its levels.
You visited the bazaar 2 times.
You also visited: Ice Cave.

You collected 1683 gold pieces.
You spent 929 gold pieces at shops.

Inventory:

Hand Weapons
 m - a +0 halberd
 w - a +1 trident of devastation (weapon)
Missiles
 u - 88 exploding tomahawks
 y - 77 javelins (quivered)
 A - 12 tomahawks of dispersal
 C - 14 frenzy darts
 E - 139 poisoned tomahawks
 P - 121 poisoned darts
 Z - 88 tomahawks
Armour
 b - +0 gold dragon scales
 i - a +0 helmet
 j - a +0 shield (worn)
 k - a +2 pair of gloves (worn)
 n - a +0 cloak (worn)
 p - a +1 pair of boots of flying (worn)
 J - a +0 large shield
 T - a +2 pair of boots of dexterity
 W - a +0 troll leather armour (worn)
Jewellery
 c - a +5 ring of intelligence (left hand)
 l - an uncursed ring of resist corrosion
 V - an amulet of regeneration (around neck)
 X - a +3 ring of protection (right hand)
Wands
 t - a wand of confusion (17)
 D - a wand of slimification (7)
 G - a wand of acid (5)
 H - a wand of iceblast (3)
 O - a wand of enslavement (11)
 S - a wand of digging (2)
 U - a wand of lightning (5)
Scrolls
 a - 6 scrolls of fog
 d - 3 scrolls of teleportation
 f - 3 scrolls of blinking
 o - 7 scrolls of amnesia
 q - 4 scrolls of magic mapping
 K - a scroll of summoning
 M - a scroll of holy word
 Y - a scroll of fear
Potions
 e - 2 potions of resistance
 g - a potion of berserk rage
 h - 2 potions of mutation
 r - 2 potions of magic
 v - 5 potions of cancellation
 z - 3 potions of augmentation
 B - 3 potions of lignification
 F - 3 potions of haste
 L - 2 potions of flight
 N - 6 potions of heal wounds
 Q - a potion of invisibility
 R - a potion of ambrosia


   Skills:
 + Level 11.0(16.0) Fighting
 + Level 8.0(13.0) Blades
 + Level 8.0(14.7) Axes
 + Level 8.0(13.0) Maces & Staves
 + Level 11.0(16.0) Polearms
 + Level 8.0(13.0) Bows & Xbows
 + Level 8.0(13.0) Throwing
 + Level 9.5(14.5) Armour
 + Level 9.5(14.5) Dodging
 + Level 8.0 Stealth
 + Level 8.0(13.0) Shields
 + Level 8.0(13.0) Unarmed Combat
 + Level 8.0 Hexes
 + Level 13.8 Charms
 + Level 8.0 Summonings
 + Level 8.0 Necromancy
 + Level 8.0 Translocations
 + Level 8.0 Transmutations
 + Level 8.0 Fire Magic
 + Level 8.0 Ice Magic
 + Level 8.0 Air Magic
 + Level 8.0 Earth Magic
 + Level 8.0 Invocations
 + Level 8.0 Evocations


You had 11 spell levels left.
You knew the following spells:

 Your Spells              Type           Power        Failure   Level  Hunger
a - Infusion              Chrm           25 (25)      1%          1    N/A
b - Song of Slaying       Chrm           47 (100)     1%          2    N/A
c - Regeneration          Chrm/Necr      37 (200)     1%          3    N/A
d - Ozocubu's Armour      Chrm/Ice       37 (100)     3%          4    N/A
e - Spectral Weapon       Chrm/Summ      37 (100)     11%         5    N/A

Your spell library contained the following spells:

 Spells                   Type           Power        Failure   Level  Hunger
 Conjure Flame            Fire/Air       27 (100)     3%          3    N/A
 Freezing Cloud           Ice/Air        27 (200)     88%         6    N/A
 Mephitic Cloud           Hex/Air        27 (100)     12%         4    N/A
 Ring of Flames           Chrm/Fire      37 (200)     97%         7    N/A
 Death's Door             Chrm/Necr      37 (200)     100%        8    N/A
 Haunt                    Necr/Summ      27 (200)     100%        7    N/A
 Borgnjor's Revivificati  Necr           27 (200)     100%        8    N/A
 Ozocubu's Refrigeration  Ice            27 (200)     100%        7    N/A
 Summon Ice Beast         Ice/Summ       27 (100)     12%         4    N/A
 Summon Demon             Summ           27 (200)     34%         5    N/A
 Iron Shot                Erth           27 (200)     88%         6    N/A
 Recall                   Summ/Tloc      N/A          3%          3    N/A
 Statue Form              Tmut/Erth      27 (150)     88%         6    N/A
 Ice Form                 Ice/Tmut       27 (100)     12%         4    N/A
 Dragon Form              Tmut           27 (200)     100%        7    N/A
 Necromutation            Tmut/Necr      27 (200)     88%         6    N/A
 Deflect Missiles         Chrm/Air       37 (200)     50%         6    N/A
 Airstrike                Air            27 (200)     12%         4    N/A
 Shadow Creatures         Summ           N/A          88%         6    N/A
 Flame Tongue             Fire           27 (40)      1%          1    N/A
 Passwall                 Tmut/Erth      27 (200)     1%          2    N/A
 Silence                  Hex/Air        27 (200)     12%         4    N/A
 Lee's Rapid Deconstruct  Erth           27 (200)     34%         5    N/A
 Sandblast                Erth           25 (25)      1%          1    N/A
 Conjure Ball Lightning   Air            27 (200)     100%        7    N/A
 Petrify                  Tmut/Erth      27 (100)     12%         4    N/A
 Tornado                  Air            27 (200)     100%        9    N/A
 Aura of Abjuration       Summ           27 (200)     34%         5    N/A
 Force Lance              Tloc/Erth      27 (100)     3%          3    N/A
 Summon Forest            Summ/Tloc      27 (200)     34%         5    N/A
 Summon Lightning Spire   Summ/Air       27 (100)     12%         4    N/A
 Summon Mana Viper        Hex/Summ       27 (100)     34%         5    N/A
 Hydra Form               Tmut           27 (200)     88%         6    N/A
 Irradiate                Tmut           27 (200)     34%         5    N/A
 Infestation              Hex/Necr       27 (200)     100%        7    N/A

Dungeon Overview and Level Annotations

Branches:
Dungeon (15/15)             Snake (1/3) Orc:2         Slime (0/3) Orc:2
    Orc (2/2) D:15         Vaults (0/3) D:15         Depths (0/3) D:15
 Bazaar (1/1)
  Swamp: Orc:2       Shoals: Orc:2

Altars:
Cheibriados
Dithmenos
Elyvilon
Gozag
Jiyva
Kikubaaqudgha
Lugonu
Makhleb
Nemelex Xobeh
Okawaru
Qazlal
Ru
Sif Muna
Trog
Uskayaw
Vehumet
Wu Jian
Xom
Yredelemnul
Zin
The Shining One

Shops:
Bazaar :}[(!!


Innate Abilities, Weirdness & Mutations

You have a pair of small horns on your head.
Your system is resistant to poisons. (rPois)
You occasionally shout uncontrollably at your foes.
Your muscles are strong. (Str +5)


Message History

The black mamba misses you.
The naga warrior hits you with a +2 hand axe of freezing (14)!
* * * LOW HITPOINT WARNING * * *
The naga warrior freezes you (7)!
* * * LOW HITPOINT WARNING * * *
Really go through this mutagenic shaft?
Your attempt to break free from the anaconda fails, but you feel that another attempt might succeed.
You feel sick. You block the anaconda's attack.
The anaconda constricts you (0). The naga mage spits poison at you.
The splash of poison hits you! You resist. The black mamba misses you.
The black mamba bites you (5).
* * * LOW HITPOINT WARNING * * *
The black mamba bites you but does no damage.
The anaconda misses you.
* * * LOW HITPOINT WARNING * * *
The anaconda constricts you (4). The shock serpent bites you (3).
* * * LOW HITPOINT WARNING * * *
The shock serpent shocks you (14)!
You die...

## #..... ..#
#.###..... ...#
.........##...
.......N....##
........... #
#N)NN'# #
#..##.NSN.##..#
#..'.NSSS..'..#
...'.NS@NN.'..#
...N..S8NN.'...
...'...N.NN'...
...'.......'...
...##.....##...
... #'''''# ...
.. ....... ..
.........


You could see 4 naga warriors, 2 greater nagas, a naga sharpshooter, a
salamander mystic, 3 salamanders, an anaconda, 2 naga ritualists, a shock
serpent, 4 black mambas, 2 naga magi and a naga.

Vanquished Creatures
  Agnes (D:14)
  A fire giant (D:15)
  A frost giant (IceCv)
  An orc warlord (Orc:2)
  Josephine (Orc:2)
  3 hydras
  4 vault guards (D:15)
  An anaconda (Snake:1)
  Erica (D:8)
  Erolcha (D:13)
  2 ogre magi (D:15)
  4 tengu warriors
  15 two-headed ogres
  4 centaur warriors
  6 death yaks
  4 orc high priests (Orc:2)
  2 unseen horrors
  A wizard (D:14)
  4 orc knights (Orc:2)
  A mana viper (Snake:1)
  A wolf spider (D:15)
  5 orc sorcerers (Orc:2)
  2 manticores
  3 cyclopes
  14 ugly things
  2 slime creatures (D:15)
  A water nymph (shapeshifter) (D:15)
  Joseph (D:7)
  2 torpor snails (D:15)
  An ice statue (IceCv)
  A naga mage (Snake:1)
  5 gargoyles
  4 black mambas
  Psyche (D:10)
  2 spiny frogs
  2 rime drakes
  3 efreet
  2 tengu conjurers
  A yaktaur (D:15)
  4 meliai
  Grinder (D:4)
  10 trolls
  13 polar bears (IceCv)
  A flying skull (shapeshifter) (D:15)
  A shadow (D:10)
  A wyvern (D:14)
  5 wraiths
  A black mamba skeleton (D:11)
  21 yaks
  2 angry ghosts
  A steam dragon (D:9)
  Grum (D:8)
  5 wargs
  Menkaure (D:7)
  An acid dragon (D:10)
  A swamp drake (D:15)
  5 ice beasts
  50 orc warriors
  2 spiny frog skeletons
  A phantom (D:10)
  A wasp (D:8)
  A black bear (D:9)
  21 ogres
  22 centaurs
  A blink frog zombie (D:9)
  20 wolves
  2 blink frog skeletons
  3 big kobolds (D:14)
  A rime drake skeleton (D:10)
  3 wyvern zombies
  A wyvern skeleton (D:11)
  A water moccasin skeleton (D:4)
  7 scorpions
  3 killer bees (D:10)
  4 crimson imps
  18 wights
  4 howler monkeys
  2 bullfrog zombies
  7 centaur zombies
  2 quasits (D:4)
  7 centaur skeletons
  36 orc priests
  3 gnoll shamans
  A hound (D:5)
  21 orc wizards
  6 jellies
  5 worker ants
  3 iguanas
  A killer bee zombie (D:9)
  2 hound skeletons
  19 gnolls
  5 adders
  2 shadow imps (D:6)
  An ooze (D:3)
  A dart slug (D:6)
  98 orcs
  10 quokkas
  7 bats
  6 giant cockroaches
  7 goblins
  7 hobgoblins
  A ball python (D:1)
  7 frilled lizards
  2 gnoll zombies (D:2)
  A jackal skeleton (D:5)
  8 kobolds
  8 rats
638 creatures vanquished.

Vanquished Creatures (others)
  A wolf (IceCv)
  2 orcs (Orc:2)
  3 bushes (D:14)
  A fungus (D:14)
  2 plants (D:14)
  25 spectral weapons
34 creatures vanquished.

Grand Total: 672 creatures vanquished

Notes
Turn   | Place    | Note
-------+----------+-------------------------------------------
     0 | D:1      | plsesad the Gnoll Skald began the quest for the Orb.
     0 | D:1      | Reached XP level 1. HP: 19/19 MP: 2/2
    61 | D:1      | Reached XP level 2. HP: 25/26 MP: 3/3
   404 | D:1      | Reached XP level 3. HP: 33/33 MP: 2/4
   406 | D:1      | Learned a level 2 spell: Song of Slaying
   408 | D:1      | Learned a level 3 spell: Regeneration
  1379 | D:2      | Reached XP level 4. HP: 36/39 MP: 0/4
  1764 | D:2      | Found a faded altar of an unknown god.
  1878 | D:2      | Found a basalt altar of Yredelemnul.
  1992 | D:3      | Found a shimmering altar of Xom.
  1992 | D:3      | Found an iron altar of Okawaru.
  2006 | D:3      | Became a worshipper of Warmaster Okawaru
  2115 | D:3      | Reached XP level 5. HP: 9/46 MP: 0/3
  2296 | D:3      | Reached XP level 6. HP: 52/53 MP: 0/5
  2309 | D:3      | Found a sacrificial altar of Ru.
  2349 | D:3      | Reached * piety under Okawaru
  2858 | D:3      | Learned a level 4 spell: Ozocubu's Armour
  2977 | D:3      | Found a viscous altar of Jiyva.
  3037 | D:3      | Gained mutation: You are frail. (-10% HP) [mutagenic hatch]
  3057 | D:4      | Reached XP level 7. HP: 52/54 MP: 0/6
  3115 | D:4      | Found a deep blue altar of Sif Muna.
  3286 | D:4      | Found a hide-covered altar of Uskayaw.
  3321 | D:4      | Found an ancient bone altar of Kikubaaqudgha.
  3349 | D:4      | Found a glowing silver altar of Zin.
  3449 | D:4      | Noticed Grinder
  3456 | D:4      | Paralysed by Grinder for 6 turns
  3488 | D:4      | Paralysed by Grinder for 7 turns
  3518 | D:4      | Killed Grinder
  3526 | D:4      | Reached ** piety under Okawaru
  3611 | D:4      | Reached XP level 8. HP: 60/60 MP: 0/3
  3767 | D:4      | Found a white marble altar of Elyvilon.
  3801 | D:4      | Found a sparkling altar of Nemelex Xobeh.
  3814 | D:5      | Entered Level 5 of the Dungeon
  3915 | D:5      | Found a shadowy altar of Dithmenos.
  3956 | D:5      | Found an ornate altar of the Wu Jian Council.
  3972 | D:5      | Found a stormy altar of Qazlal.
  4073 | D:5      | Found a snail-covered altar of Cheibriados.
  4167 | D:5      | Found a radiant altar of Vehumet.
  4277 | D:5      | Gained mutation: You have large cloven feet. [mutagenic hatch]
  4355 | D:6      | Found an opulent altar of Gozag.
  4420 | D:6      | Found a glowing golden altar of the Shining One.
  4438 | D:6      | Found a sparkling altar of Nemelex Xobeh.
  4441 | D:6      | Learned a level 5 spell: Spectral Weapon
  4509 | D:6      | Reached *** piety under Okawaru
  4683 | D:6      | Found a bloodstained altar of Trog.
  4819 | D:6      | Reached XP level 9. HP: 28/66 MP: 0/5
  4899 | D:6      | Found a deep blue altar of Sif Muna.
  4946 | D:6      | Found a glowing drain.
  5243 | D:7      | Noticed Joseph
  5255 | D:7      | Killed Joseph
  5255 | D:7      | Reached **** piety under Okawaru
  5283 | D:7      | Found a corrupted altar of Lugonu.
  5297 | D:7      | Noticed Menkaure
  5304 | D:7      | Killed Menkaure
  5321 | D:7      | Received a gift from Okawaru
  5634 | D:7      | Found a shimmering altar of Xom.
  5635 | D:7      | Found a shimmering altar of Xom.
  5635 | D:7      | Found a shimmering altar of Xom.
  6000 | D:7      | Found a burning altar of Makhleb.
  6197 | D:8      | Reached XP level 10. HP: 58/73 MP: 3/7
  6205 | D:8      | Received a gift from Okawaru
  6223 | D:8      | Noticed Grum
  6235 | D:8      | Killed Grum
  6310 | D:8      | Noticed Erica
  6341 | D:8      | Killed Erica
  6727 | D:9      | Reached ***** piety under Okawaru
  6755 | D:9      | Noticed a gargoyle
  6796 | D:9      | Killed a gargoyle
  7436 | D:10     | Entered Level 10 of the Dungeon
  7498 | D:10     | Reached XP level 11. HP: 80/80 MP: 2/2
  7663 | D:10     | Noticed a two-headed ogre
  7669 | D:10     | Killed a two-headed ogre
  7669 | D:10     | Received a gift from Okawaru
  7731 | D:10     | Noticed a two-headed ogre
  7732 | D:10     | Noticed Psyche
  7736 | D:10     | Killed a two-headed ogre
  7741 | D:10     | Killed Psyche
  7795 | D:10     | Noticed a death yak
  7795 | D:10     | Noticed a death yak
  7795 | D:10     | Noticed a death yak
  7795 | D:10     | Noticed a death yak
  7796 | D:10     | Noticed a death yak
  7821 | D:10     | Killed a death yak
  7821 | D:10     | Reached ****** piety under Okawaru
  7835 | D:10     | Killed a death yak
  7843 | D:10     | Killed a death yak
  7843 | D:10     | Received a gift from Okawaru
  7850 | D:10     | Killed a death yak
  7860 | D:10     | Killed a death yak
  7860 | D:10     | Reached XP level 12. HP: 21/86 MP: 4/4
  7953 | D:10     | Noticed a two-headed ogre
  7962 | D:10     | Killed a two-headed ogre
  8243 | D:10     | Gained mutation: You passively map the area around you. [mutagenic hatch]
  8482 | D:11     | Noticed a tengu warrior
  8495 | D:11     | Killed a tengu warrior
  8533 | D:11     | Found a gateway to a bazaar.
  8546 | Bazaar   | Entered a bazaar
  8546 | Bazaar   | Found Uherch's Weapon Shop.
  8559 | Bazaar   | Found Tasimem's Distillery.
  8573 | Bazaar   | Found Unwamara's Distillery.
  8605 | Bazaar   | Found Funac's Gadget Shop.
  8605 | Bazaar   | Found Tisk's Book Boutique.
  8745 | Bazaar   | Bought a potion of augmentation for 75 gold pieces
  8745 | Bazaar   | Bought 2 potions of heal wounds for 150 gold pieces
  8745 | Bazaar   | Bought a potion of heal wounds for 75 gold pieces
  8745 | Bazaar   | Bought a potion of augmentation for 75 gold pieces
  8761 | Bazaar   | Bought a potion of haste for 100 gold pieces
  8761 | Bazaar   | Bought a potion of invisibility for 80 gold pieces
  8761 | Bazaar   | Bought a potion of cancellation for 80 gold pieces
  8761 | Bazaar   | Bought a potion of mutation for 80 gold pieces
  8761 | Bazaar   | Lost mutation: You are frail. (-10% HP) [potion of mutation]
  8761 | Bazaar   | Lost mutation: You have large cloven feet. [potion of mutation]
  8761 | Bazaar   | Gained mutation: Scrolls take you a little longer to read. [potion of mutation]
  8761 | Bazaar   | Gained mutation: You are resistant to electric shocks. (rElec) [potion of mutation]
  9033 | D:11     | Gained mutation: Your non-sustained spells cost 1 less MP to cast [mutagenic hatch]
  9197 | D:12     | Noticed a six-headed hydra
  9208 | D:12     | Noticed a seven-headed hydra
  9230 | D:12     | Killed a six-headed hydra
  9235 | D:12     | Killed a seven-headed hydra
  9414 | D:12     | Received a gift from Okawaru
  9459 | D:12     | Reached XP level 13. HP: 103/103 MP: 0/6
  9742 | D:12     | Gained mutation: You evolve. [mutagenic hatch]
  9742 | D:13     | Noticed Erolcha
  9778 | D:13     | Killed Erolcha
 10163 | D:13     | Gained mutation: You have sharp toenails. [evolution]
 10997 | D:14     | Noticed Agnes
 11015 | D:14     | Killed Agnes
 11530 | D:14     | Gained mutation: Armour fits poorly on your strangely shaped body. [mutagenic hatch]
 11530 | D:15     | Entered Level 15 of the Dungeon
 11543 | D:15     | Received a gift from Okawaru
 11551 | D:15     | Reached XP level 14. HP: 90/111 MP: 0/7
 11589 | D:15     | Lost mutation: You passively map the area around you. [potion of mutation]
 11589 | D:15     | Lost mutation: You have sharp toenails. [potion of mutation]
 11589 | D:15     | Lost mutation: Armour fits poorly on your strangely shaped body. [potion of mutation]
 11589 | D:15     | Gained mutation: You are less able to defend yourself (AC -3, EV -3, SH - 3). [potion of mutation]
 11589 | D:15     | Gained mutation: Your movements are less encumbered by armour. (ER -6) [potion of mutation]
 11686 | D:15     | Lost mutation: Scrolls take you a little longer to read. [potion of mutation]
 11686 | D:15     | Lost mutation: You are less able to defend yourself (AC -3, EV -3, SH - 3). [potion of mutation]
 11686 | D:15     | Lost mutation: Your non-sustained spells cost 1 less MP to cast [potion of mutation]
 11686 | D:15     | Lost mutation: You evolve. [potion of mutation]
 11686 | D:15     | Lost mutation: You are resistant to electric shocks. (rElec) [potion of mutation]
 11686 | D:15     | Gained mutation: You are less able to defend yourself (AC -3, EV -3, SH - 3). [potion of mutation]
 11686 | D:15     | Gained mutation: Armour fits poorly on your strangely shaped body. [potion of mutation]
 11686 | D:15     | Gained mutation: You have a pair of small antennae on your head. [potion of mutation]
 11786 | D:15     | Lost mutation: Your movements are less encumbered by armour. (ER -6) [potion of mutation]
 11786 | D:15     | Lost mutation: You are less able to defend yourself (AC -3, EV -3, SH - 3). [potion of mutation]
 11786 | D:15     | Lost mutation: Armour fits poorly on your strangely shaped body. [potion of mutation]
 11786 | D:15     | Lost mutation: You have a pair of small antennae on your head. [potion of mutation]
 11786 | D:15     | Gained mutation: You are dopey. (Int -5) [potion of mutation]
 11786 | D:15     | Gained mutation: Your flesh is cold resistant. (rC+) [potion of mutation]
 11786 | D:15     | Gained mutation: You occasionally shout uncontrollably at your foes. [potion of mutation]
 11786 | D:15     | Gained mutation: You have a pair of small antennae on your head. [potion of mutation]
 11787 | D:15     | Lost mutation: You have a pair of small antennae on your head. [potion of mutation]
 11787 | D:15     | Lost mutation: Your flesh is cold resistant. (rC+) [potion of mutation]
 11787 | D:15     | Lost mutation: You occasionally shout uncontrollably at your foes. [potion of mutation]
 11787 | D:15     | Lost mutation: You are dopey. (Int -5) [potion of mutation]
 11787 | D:15     | Gained mutation: Shadows flee at your approach. (+LOS) [potion of mutation]
 11787 | D:15     | Gained mutation: You have an increased reservoir of magic. (+10% MP) [potion of mutation]
 11788 | D:15     | Lost mutation: You have an increased reservoir of magic. (+10% MP) [potion of mutation]
 11788 | D:15     | Gained mutation: You are somewhat resistant to further mutation. [potion of mutation]
 11788 | D:15     | Gained mutation: Your skin blends seamlessly with your surroundings (Stealth+++). [potion of mutation]
 11789 | D:15     | Lost mutation: Your skin blends seamlessly with your surroundings (Stealth+++). [potion of mutation]
 11789 | D:15     | Lost mutation: Shadows flee at your approach. (+LOS) [potion of mutation]
 11789 | D:15     | Lost mutation: You are somewhat resistant to further mutation. [potion of mutation]
 11789 | D:15     | Gained mutation: You are dopey. (Int -5) [potion of mutation]
 11789 | D:15     | Lost mutation: You are dopey. (Int -5) [potion of mutation]
 11790 | D:15     | Gained mutation: You are resistant to hostile enchantments. (MR+) [potion of mutation]
 11790 | D:15     | Gained mutation: You are covered in thick fur. (AC +4) [potion of mutation]
 11790 | D:15     | Gained mutation: You evolve. [potion of mutation]
 11822 | D:15     | Found a staircase to the Orcish Mines.
 12068 | D:15     | Found a frozen archway.
 12073 | IceCv    | Entered an ice cave
 12209 | IceCv    | Got Ahacikuin's Compendium of Ashen Heat
 12270 | IceCv    | Received a gift from Okawaru
 12459 | IceCv    | Noticed a frost giant
 12472 | IceCv    | Killed a frost giant
 12782 | D:15     | Found a gate to the Vaults.
 12788 | D:15     | Reached XP level 15. HP: 109/118 MP: 7/10
 12968 | D:15     | Found a staircase to the Depths.
 12968 | D:15     | Noticed a fire giant
 12986 | D:15     | Killed a fire giant
 13171 | D:15     | Lost mutation: You evolve. [evolution]
 13303 | Orc:1    | Entered Level 1 of the Orcish Mines
 13678 | Orc:2    | Entered Level 2 of the Orcish Mines
 13701 | Orc:2    | Noticed Josephine
 13707 | Orc:2    | Killed Josephine
 13786 | Orc:2    | Found a staircase to the Snake Pit.
 13902 | Orc:2    | Lost mutation: You are resistant to hostile enchantments. (MR+) [potion of mutation]
 13902 | Orc:2    | Lost mutation: You are covered in thick fur. (AC +4) [potion of mutation]
 13902 | Orc:2    | Gained mutation: You have a pair of small horns on your head. [potion of mutation]
 13902 | Orc:2    | Gained mutation: Your muscles are strong. (Str +5) [potion of mutation]
 13902 | Orc:2    | Gained mutation: Armour fits poorly on your strangely shaped body. [potion of mutation]
 13902 | Orc:2    | Gained mutation: Your flesh is heat resistant. (rF+) [potion of mutation]
 14245 | Orc:2    | Paralysed by an orc sorcerer for 6 turns
 14315 | Orc:2    | Found a staircase to the Slime Pits.
 14360 | Orc:2    | Noticed an orc warlord
 14366 | Orc:2    | Paralysed by an orc sorcerer for 6 turns
 14376 | Orc:2    | Killed an orc warlord
 14384 | Orc:2    | Received a gift from Okawaru
 14740 | Orc:2    | Found a gateway to a bazaar.
 14790 | Bazaar   | Bought a +1 pair of boots of flying for 214 gold pieces
 14800 | Bazaar   | Lost mutation: Armour fits poorly on your strangely shaped body. [potion of mutation]
 14800 | Bazaar   | Lost mutation: You have a pair of small horns on your head. [potion of mutation]
 14800 | Bazaar   | Lost mutation: Your flesh is heat resistant. (rF+) [potion of mutation]
 14800 | Bazaar   | Gained mutation: Your system is resistant to poisons. (rPois) [potion of mutation]
 14800 | Bazaar   | Gained mutation: You occasionally shout uncontrollably at your foes. [potion of mutation]
 14800 | Bazaar   | Gained mutation: You have a pair of small horns on your head. [potion of mutation]
 15157 | Snake:1  | Entered Level 1 of the Snake Pit
 15167 | Snake:1  | Noticed a greater naga
 15171 | Snake:1  | Noticed a greater naga
 15178 | Snake:1  | Slain by a shock serpent

Action                   |  1- 3 |  4- 6 |  7- 9 | 10-12 | 13-15 || total
-------------------------+-------+-------+-------+-------+-------++-------
Melee: Spear             |    97 |   182 |   271 |       |       ||   550
       Punch             |     1 |       |       |       |       ||     1
       Kick              |       |       |    29 |   116 |       ||   145
       Trident           |       |       |   111 |   507 |  1015 ||  1633
       Headbutt          |       |       |       |       |    35 ||    35
Throw: Javelin           |       |       |       |     4 |    15 ||    19
 Cast: Infusion          |     1 |       |       |     1 |     2 ||     4
       Song of Slaying   |     1 |       |       |     1 |     2 ||     4
       Regeneration      |       |     1 |       |     1 |     2 ||     4
       Ozocubu's Armour  |       |       |     1 |     1 |     2 ||     4
       Spectral Weapon   |       |       |       |     2 |     2 ||     4
Invok: Finesse           |       |       |       |       |     1 ||     1
  Use: Scroll            |       |     2 |       |       |     8 ||    10
       Potion            |       |       |     2 |     3 |    14 ||    19
 Stab: Sleeping          |     2 |     4 |    12 |    15 |    39 ||    72
       Distracted        |       |     1 |     1 |     7 |     9 ||    18
Armor: Leather armour    |    12 |    35 |   126 |     5 |       ||   178
       Robe              |       |       |       |    48 |    54 ||   102
       Troll leather arm |       |       |       |       |   121 ||   121
Dodge: Dodged            |    26 |    53 |   171 |   188 |   451 ||   889
Block: Buckler           |     2 |    27 |    67 |    59 |    45 ||   200
       Shield            |       |       |       |       |   338 ||   338
